 Dungeon Crawl Stone Soup version 0.29.1-12-g30fa7ad0bf (webtiles) character file.

Game seed: 14775329985971057387

4 zeram the Ducker (level 1, 0/11 HPs)
             Began as a Spriggan Fighter on Dec 13, 2022.
             Slain by a hobgoblin (3 damage)
             ... on level 1 of the Dungeon.
             The game lasted 00:00:25 (173 turns).

zeram the Ducker (Spriggan Fighter)                  Turns: 173, Time: 00:00:26

Health: 0/11       AC:  2    Str: 12    XL:     1   Next: 58%
Magic:  2/2        EV: 14    Int:  9    God:
Gold:   10         SH:  6    Dex: 14    Spells: 0/0 levels left

rFire   . . .      SeeInvis +   a - +0 rapier
rCold   . . .      Faith    .   c - +0 buckler
rNeg    . . .      Spirit   .   b - +0 robe
rPois   .          Reflect  .   (helmet restricted)
rElec   .          Harm     .   (no cloak)
rCorr   .          Rampage  .   (gloves unavailable)
Will    .....                   (boots unavailable)
Stlth   +.........              (no amulet)
HPRegen 0.03/turn               (no ring)
MPRegen 0.08/turn               (no ring)

@: constricted, very quick
A: very small, no large weapons, unfitting armour, see invisible, speed 3
a: no special abilities


You were on level 1 of the Dungeon.
You visited 1 branch of the dungeon, and saw 1 of its levels.

You collected 10 gold pieces.

Inventory:

Hand Weapons
 a - a +0 rapier (weapon)
Armour
 b - a +0 robe (worn)
 c - a +0 buckler (worn)
Scrolls
 e - a scroll of magic mapping {unknown}
Potions
 d - a potion of might
 f - a potion of flight {unknown}


   Skills:
 - Level 2.4 Fighting
 + Level 2.2 Short Blades
 + Level 4.2 Dodging
 + Level 2.3 Shields


You couldn't memorise any spells.
You didn't know any spells.
Your spell library was empty.

Dungeon Overview and Level Annotations

Branches:
Dungeon (1/15)

Altars:


Innate Abilities, Weirdness & Mutations

You are very small and have problems with some larger weapons.
You are too small for most types of armour.
You have supernaturally acute eyesight. (SInv)
You cover ground extremely quickly. (Speed+++)


Message History

The hobgoblin hits you.
A ball python comes into view.
You hit the hobgoblin.
The hobgoblin is severely wounded.
The hobgoblin closely misses you.
You hit the hobgoblin but do no damage.
The hobgoblin is severely wounded.
The hobgoblin hits you.
You are too injured to fight recklessly!
You are too injured to fight recklessly!
You see here a +0 hand axe.
Unknown command.
You hit the hobgoblin.
You kill the hobgoblin!
The ball python barely misses you. You block the ball python's attack.
You hit the ball python.
The ball python is heavily wounded.
The ball python misses you. The ball python barely misses you.
The hobgoblin misses you.
You closely miss the ball python.
The ball python is heavily wounded.
You block the ball python's attack. The ball python closely misses you. x2
The ball python completely misses you. You block the hobgoblin's attack.
You completely miss the ball python.
The ball python is heavily wounded.
The ball python barely misses you. The ball python grabs you.
The ball python constricts you. The ball python misses you.
The hobgoblin barely misses you. The ball python completely misses you.
The ball python constricts you. The ball python closely misses you.
You hit the ball python but do no damage.
The ball python is moderately wounded.
The hobgoblin hits you but does no damage.
The ball python bites you but does no damage.
The ball python closely misses you. The ball python constricts you.
You closely miss the ball python.
The ball python is moderately wounded.
The ball python misses you. The ball python bites you.
* * * LOW HITPOINT WARNING * * *
The ball python constricts you. The hobgoblin hits you.
You die...

####### #.....#
+.....# #.....#
#.....# #.....##
#.?gS..# #.SS@..#
..?....S###.#
........# #.######
........###......#####
.....(................
###....######......##
...... #......# ...?..
###......#
#...##'#########


You could see a hobgoblin and 4 ball pythons.

Vanquished Creatures
  A hobgoblin (D:1)
  2 quokkas (D:1)
  A spectral kobold (D:1)
4 creatures vanquished.

Notes
Turn   | Place    | Note
-------+----------+-------------------------------------------
     0 | D:1      | zeram the Spriggan Fighter began the quest for the Orb.
     0 | D:1      | Reached XP level 1. HP: 11/11 MP: 2/2
    31 | D:1      | Found a faded altar of an unknown god.
   173 | D:1      | Slain by a hobgoblin

Illustrated notes

Levels and vault maps discovered:
D:1:      dpeg_arrival_fog, layout_basic,
          dreamdust_ecumenical_altar_drowned_temple

Action                   || total
-------------------------++-------
Melee: Rapier            ||    32
Armor: Robe              ||     5
Dodge: Dodged            ||    35
Block: Buckler           ||     5
